 Dungeon Crawl Stone Soup version 0.32-a0-599-gba8f9cf90e (webtiles) character file.

Game seed: 231170114762069489

7602 CrazyBamboolord the Gusty (level 10, 0/74 HPs)
             Began as a Demonspawn Air Elementalist on Mar 3, 2024.
             Was an Initiate of Sif Muna.
             Slain by a slime creature (5 damage)
             ... on level 9 of the Dungeon.
             The game lasted 00:27:31 (14435 turns).

CrazyBamboolord the Gusty (DsAE)                   Turns: 14435, Time: 00:27:31

Health: 0/74       AC:  7    Str:  9    XL:     10   Next: 97%
Magic:  8/20       EV: 14    Int: 19    God:    Sif Muna [......]
Gold:   449        SH: 12    Dex: 14    Spells: 12/22 levels left

rFire   + + .        a - +1 short sword (speed)
rCold   . . .        h - +3 buckler
rNeg    . . .        e - +0 steam dragon scales
rPois   .            u - +1 hat
rElec   .            s - +0 cloak
rCorr   .            (no gloves)
SInv    +            (no boots)
Will    +....        (no amulet)
Stlth   ++           g - ring of Hischuff {rF++ Will+ Slay+4 SInv Stlth-}
HPRegen 0.32/turn    (no ring)
MPRegen 0.17/turn

%: no passive effects
@: marked, hasted, very quick
A: antennae 2, hooves 1, demonic guardian 1, condensation shield, demonic touch
2
a: Renounce Religion


You were on level 9 of the Dungeon.
You worshipped Sif Muna.
Sif Muna was noncommittal.
You visited 1 branch of the dungeon, and saw 9 of its levels.
You also visited: Sewer and Bailey.

You collected 449 gold pieces.

Inventory:

Hand Weapons
 a - a +1 short sword of speed (weapon)
Missiles
 f - 16 poisoned darts
 t - a throwing net
 v - 4 javelins
 z - a curare-tipped dart
Armour
 e - +0 steam dragon scales (worn)
 h - a +3 buckler (worn)
 s - a +0 cloak (worn)
 u - a +1 hat (worn)
Magical Staves
 b - a staff of air
Jewellery
 g - the ring of Hischuff (left hand) {rF++ Will+ Slay+4 SInv Stlth-}
   (You found it on level 3 of the Dungeon)

   [ring of slaying]

   Slay+4:    It affects your accuracy & damage with ranged weapons and melee
   (+4).
   rF++:      It greatly protects you from fire.
   Will+:     It increases your willpower.
   SInv:      It lets you see invisible.
   Stlth-:    It makes you less stealthy.
Wands
 i - a wand of warping (19)
Scrolls
 j - a scroll of brand weapon {unknown}
 l - a scroll of revelation
 m - a scroll of immolation
 r - 3 scrolls of fog
 y - a scroll of amnesia {unknown}
Potions
 c - a potion of attraction
 d - 2 potions of might {unknown}
 k - 2 potions of brilliance {unknown}
 n - 4 potions of mutation
 o - a potion of invisibility {unknown}
 p - a potion of heal wounds {unknown}
 q - a potion of resistance
 w - a potion of cancellation
 x - 2 potions of haste
 A - 2 potions of magic


   Skills:
 + Level 5.0 Fighting
 + Level 3.0 Short Blades
 * Level 6.6 Dodging
 + Level 5.3 Stealth
 - Level 6.0 Shields
 * Level 6.8 Spellcasting
 - Level 5.0 Conjurations
 * Level 7.1 Air Magic
 + Level 1.8 Invocations


You had 12 spell levels left.
You knew the following spells:

 Your Spells              Type           Power      Damage    Failure   Level
a - Shock                 Conj/Air       100%       1d9       1%          1
b - Static Discharge      Conj/Air       58%        3-6/arc   1%          2
c - Swiftness             Air            33%        N/A       2%          3
d - Airstrike             Air            16%        2d(3-19)  8%          4

Your spell library contained the following spells:

 Spells                   Type           Power      Damage    Failure   Level
 Magic Dart               Conj           100%       1d8       1%          1
 Foxfire                  Conj/Fire      60%        2x1d7     5%          1
 Apportation              Tloc           12%        N/A       14%         1
 Freeze                   Ice            24%        1d4       14%         1
 Sandblast                Erth           12%        2d6       14%         1
 Summon Small Mammal      Summ           24%        N/A       14%         1
 Hailstorm                Conj/Ice       15%        3d6       16%         3
 Stone Arrow              Conj/Erth      30%        3d8       16%         3
 Blink                    Tloc           12%        N/A       22%         2
 Call Imp                 Summ           12%        N/A       22%         2
 Jinxbite                 Hex            12%        N/A       22%         2
 Call Canine Familiar     Summ           6%         N/A       41%         3
 Frozen Ramparts          Ice            12%        1d2       41%         3
 Passwall                 Erth           6%         N/A       41%         3
 Brom's Barrelling Bould  Conj/Erth      15%        2d4       45%         4
 Animate Armour           Summ/Erth      12%        N/A       82%         4
 Animate Dead             Necr           6%         N/A       82%         4
 Ignite Poison            Fire/Alch      6%         N/A       82%         4
 Sticky Flame             Fire/Alch      6%         2d4       82%         4
 Summon Blazeheart Golem  Fire/Summ      6%         N/A       82%         4
 Alistair's Intoxication  Alch           4%         N/A       99%         5
 Plasma Beam              Fire/Air       10%        2x1d21    99%         6
 Starburst                Conj/Fire      7%         6d4       100%        6
 Haunt                    Necr/Summ      3%         N/A       100%        7
 Ignition                 Fire           3%         3d4       100%        8
 Infestation              Necr           3%         N/A       100%        8
 Lehudib's Crystal Spear  Conj/Erth      7%         10d3      100%        8


Dungeon Overview and Level Annotations

Branches:
Dungeon (9/15)             Temple (0/1) D:6            Lair (0/5) D:8
    Orc (0/2) D:9           Sewer (visited)          Bailey (visited)

Altars:
Gozag
Kikubaaqudgha
Sif Muna
Trog
Vehumet
Wu Jian

Annotations:
D:5 2 runed translucent doors, topfpfpflanze's ghost, novice OpSh


Innate Abilities, Weirdness & Mutations

You have a pair of antennae on your head.
You have large cloven feet.
A weak demonic guardian rushes to your aid.
A meltable shield of frost defends you. (SH +4)
Your touch may inflict irresistible damage on your foes.


Message History

You kill Harold!
Sif Muna accepts your kill.
Harold groans, "My... family..." and then collapses, dead.
The lightning grounds out.
Training target 5.0 for Conjurations reached!
Your Fighting skill increases to level 5!
Your Short Blades skill increases to level 3!
Your Conjurations skill increases to level 5!
As you read the scroll of teleportation, it crumbles to dust.
You feel strangely unstable.
You block the two-headed ogre's attack. x2
The two-headed ogre barely misses you.
The two-headed ogre hits you with a +0 giant club!!
A demonic guardian appears!
Unknown command.
You swap places.
A cyclops comes into view.
The two-headed ogre barely misses your shadow imp.
The two-headed ogre hits your shadow imp with a +0 giant club!
Your shadow imp dies!
Your shadow imp disappears in a puff of smoke!
A centaur comes into view.
The two-headed ogre attacks as it pursues you!
The two-headed ogre hits you with a +0 dire flail!
* * * LOW HITPOINT WARNING * * *
The two-headed ogre hits you with a +0 giant club!
* * * LOW HITPOINT WARNING * * *
Your surroundings suddenly seem different. 4 slime creatures come into view.
The slime creature quivers. x3
The slime creature attacks as it pursues you!
You block the slime creature's attack.
The slime creature attacks as it pursues you!
You block the slime creature's attack.
Okay, then.
It was a potion of haste.
You feel yourself speed up. You block the slime creature's attack.
The slime creature hits you but does no damage.
The slime creature attacks as it pursues you!
The slime creature hits you.
You die...

#........#
#........# #
...J.... .#.
.....##.... #
##.........
#.#####.....##..
#.....J..........
#..#..J.J...##.##
#.....@.........
##.....######...
#...... ...#
#......# ...
#......# ..
#......# #......#
#..#.#..


You could see 3 slime creatures.

Vanquished Creatures
  Harold (D:9)
  Joseph (D:7)
  Jeremiah (D:6)
  A shadow (D:9)
  Sigmund (D:5)
  3 wyverns (D:8)
  3 humans (Bailey)
  3 steam dragons
  3 water moccasins
  3 ice beasts
  6 orc warriors
  2 sky beasts (D:8)
  6 black bears
  3 ogres
  3 centaurs
  3 wolves (D:8)
  2 phantoms
  A gnoll sergeant (D:6)
  2 brain worms (Sewer)
  A kobold brigand (D:8)
  6 bullfrogs
  3 scorpions
  3 electric eels
  3 bombardier beetles
  5 hounds
  4 orc priests
  A jelly (D:6)
  Crazy Yiuf (D:7)
  A sleepcap (D:7)
  2 iguanas
  7 orc wizards
  7 gnolls
  14 adders
  2 river rats (Sewer)
  A shadow imp (D:7)
  A white imp (D:6)
  6 dart slugs
  37 orcs
  7 ball pythons
  6 endoplasms
  6 giant cockroaches
  14 goblins
  15 hobgoblins
  3 jackals (D:5)
  7 quokkas
  7 bats
  10 frilled lizards
  12 kobolds
  6 rats
246 creatures vanquished.

Vanquished Creatures (collateral kills)
  A hound (D:4)
  A sleepcap (D:5)
  An orc (D:5)
3 creatures vanquished.

Grand Total: 249 creatures vanquished

Notes
Turn   | Place    | Note
-------+----------+-------------------------------------------
     0 | D:1      | CrazyBamboolord the Demonspawn Air Elementalist began the
                  | quest for the Orb.
     0 | D:1      | Reached XP level 1. HP: 13/13 MP: 3/3
   265 | D:1      | Discovered your monstrous ancestry.
   265 | D:1      | Gained mutation: Your touch may inflict minor irresistible
                  | damage on your foes. [demonic ancestry]
   265 | D:1      | Reached XP level 2. HP: 19/19 MP: 0/5
   951 | D:1      | Reached skill level 3 in Air Magic
  1018 | D:1      | Gained mutation: Your touch may inflict irresistible damage
                  | on your foes. [demonic ancestry]
  1018 | D:1      | Reached XP level 3. HP: 23/25 MP: 0/6
  1021 | D:1      | Learned a level 2 spell: Static Discharge
  1762 | D:2      | Reached skill level 1 in Fighting
  1921 | D:2      | Reached XP level 4. HP: 19/32 MP: 1/7
  2495 | D:2      | Found a faded altar of an unknown god.
  3350 | D:3      | Identified the ring of Hischuff {rF++ Will+ Slay+4 SInv
                  | Stlth-}
  3610 | D:3      | Reached skill level 1 in Shields
  3610 | D:3      | Gained mutation: A weak demonic guardian rushes to your
                  | aid. [demonic ancestry]
  3610 | D:3      | Reached XP level 5. HP: 36/37 MP: 0/9
  4422 | D:4      | Found a bloodstained altar of Trog.
  4841 | D:4      | Gained mutation: You have a pair of small antennae on your
                  | head. [demonic ancestry]
  4841 | D:4      | Reached XP level 6. HP: 36/44 MP: 0/10
  5436 | D:4      | Noticed an ice beast
  5449 | D:4      | Killed an ice beast
  5450 | D:4      | Reached skill level 4 in Air Magic
  5450 | D:4      | Gained mutation: A meltable shield of frost defends you.
                  | (SH +4) [demonic ancestry]
  5450 | D:4      | Reached XP level 7. HP: 29/50 MP: 1/12
  5582 | D:5      | Entered Level 5 of the Dungeon
  6031 | D:5      | Noticed Sigmund
  6041 | D:5      | Killed Sigmund
  6210 | D:5      | Found a large runed translucent door.
  6211 | D:5      | Found a large runed translucent door.
  6212 | D:5      | Noticed topfpfpflanze's ghost (novice OpSh)
  6289 | D:5      | Found an ornate altar of the Wu Jian Council.
  6289 | D:5      | Found an opulent altar of Gozag.
  6540 | D:5      | Gained mutation: You have large cloven feet. [demonic
                  | ancestry]
  6540 | D:5      | Reached XP level 8. HP: 50/57 MP: 5/14
  7603 | D:6      | Learned a level 3 spell: Swiftness
  7750 | D:6      | Found a staircase to the Ecumenical Temple.
  7823 | D:6      | Reached skill level 5 in Air Magic
  7852 | D:6      | Found a glowing drain.
  7874 | Sewer    | Entered a sewer
  7971 | Sewer    | Learned a level 4 spell: Airstrike
  8697 | D:6      | Reached skill level 5 in Spellcasting
  8773 | D:6      | Reached XP level 9. HP: 57/64 MP: 5/16
  9046 | D:6      | Found a radiant altar of Vehumet.
  9049 | D:6      | Noticed Jeremiah
  9080 | D:6      | Killed Jeremiah
  9081 | D:6      | Reached skill level 1 in Short Blades
  9081 | D:6      | Reached skill level 5 in Dodging
  9426 | D:7      | Found a flagged portal.
  9467 | Bailey   | Entered a bailey
 10073 | D:7      | Reached skill level 6 in Air Magic
 10078 | D:7      | Noticed Joseph
 10287 | D:7      | Found an ancient bone altar of Kikubaaqudgha.
 10328 | D:7      | Killed Joseph
 10329 | D:7      | Reached skill level 5 in Shields
 10389 | D:7      | Identified the +2 robe of Intercession {Harm Slay+2}
 10710 | D:7      | Gained mutation: You have a pair of antennae on your head.
                  | [demonic ancestry]
 10710 | D:7      | Reached XP level 10. HP: 72/72 MP: 7/18
 11232 | D:7      | Found a runed translucent door.
 11233 | D:7      | Noticed Crazy Yiuf
 11505 | D:7      | Killed Crazy Yiuf
 12308 | D:8      | Found a staircase to the Lair.
 12564 | D:8      | Found a shimmering blue altar of Sif Muna.
 12568 | D:8      | Reached skill level 5 in Stealth
 12579 | D:8      | Became a worshipper of Sif Muna the Loreminder
 13694 | D:9      | Reached skill level 1 in Invocations
 14116 | D:9      | Found a staircase to the Orcish Mines.
 14381 | D:9      | Reached skill level 7 in Air Magic
 14412 | D:9      | Noticed Harold
 14416 | D:9      | Noticed a two-headed ogre
 14420 | D:9      | Noticed a two-headed ogre
 14426 | D:9      | Killed Harold
 14427 | D:9      | Reached skill level 5 in Fighting
 14427 | D:9      | Reached skill level 5 in Conjurations
 14429 | D:9      | Noticed a cyclops
 14435 | D:9      | Slain by a slime creature

Illustrated notes

Levels and vault maps discovered:
D:1:      dpeg_arrival_morbid_curiosity, layout_basic
D:2:      layout_loops_corners, hellmonk_ecumenical_altar_run_dry
D:3:      layout_basic, nicolae_the_louvre
D:4:      layout_basic, trog_hazing_becter
D:5:      layout_loops_corners, nicolae_overflow_two_pavilions,
          ebering_ghost_disaster_area, kennysheep_generic_room_8, uniq_sigmund
D:6:      cheibrodos_helix_gallery, layout_cave_pools, old_standard_altar,
          temple_hall, gup_sewer_entry_pipe,
          nicolae_concentric_dashed_squares_wild, minmay_misc_feat_enclosed,
          uniq_jeremiah
D:7:      layout_basic, mainiacjoe_overflow_surrounded_room, enter_bailey_7,
          uniq_joseph, uniq_crazy_yiuf_cottage
D:8:      layout_basic, kennysheep_orc_sif_temple, minmay_lair_entry_grove
D:9:      layout_basic, erik_orc_2, minmay_fractal_squares_diagonal_5,
          uniq_harold

Skill      XL: |  1  2  3  4  5  6  7  8  9 10 |
---------------+-------------------------------+-----
Dodging        | 2 3 4 5 6 |  6.6
Stealth        | 2 3 4 5 |  5.3
Air Magic      | 3 4 5 6 7 |  7.1
Fighting       | 1 2 3 4 5 |  5.0
Shields        | 1 2 3 4 5 6 |  6.0
Spellcasting   | 3 4 5 6 |  6.8
Conjurations   | 2 3 4 5 |  5.0
Short Blades   | 2 3 |  3.0
Invocations    | 1 |  1.8

Action                     |  1- 3 |  4- 6 |  7- 9 | 10-12 || total
---------------------------+-------+-------+-------+-------++-------
  Melee: Mace              |     6 |       |       |       ||     6
         Dagger            |    17 |    33 |       |       ||    50
         Short sword       |       |     3 |    72 |    70 ||   145
         Kick              |       |       |    12 |    28 ||    40
  Throw: Dart              |       |       |     1 |       ||     1
   Cast: Shock             |    85 |   166 |   290 |   175 ||   716
         Static Discharge  |       |     4 |    37 |     8 ||    49
         Airstrike         |       |       |     1 |    24 ||    25
  Evoke: Wand              |       |       |       |     1 ||     1
    Use: Scroll            |       |     5 |    12 |     1 ||    18
         Potion            |       |       |     3 |     1 ||     4
   Stab: Distracted        |       |       |       |     1 ||     1
 Armour: Robe              |    24 |    52 |   100 |       ||   176
         Skin              |       |       |    11 |       ||    11
         Steam dragon scal |       |       |     1 |    63 ||    64
  Dodge: Dodged            |    32 |    65 |    68 |    36 ||   201
  Block: Buckler           |     5 |    26 |    78 |    70 ||   179

Table legend: (Time is in decaauts)
 A = Elapsed time spent in this place.
 B = Non-inter-level travel time spent in this place.
 C = Inter-level travel time spent in this place.
 D = Time resting spent in this place.
 E = Time spent auto-exploring this place.
 F = Levels seen in this place.
 G = Mean time per level.
                   A        B        C        D        E       F      G
               +--------+--------+--------+--------+--------+-----+--------+
         Total |  14460 |  14054 |    406 |   2426 |   9595 |  11 | 1314.5 |
       Dungeon |  13374 |  12968 |    406 |   2139 |   9005 |   9 | 1486.0 |
         Sewer |    784 |    784 |      0 |     91 |    588 |   1 |  784.0 |
        Bailey |    302 |    302 |      0 |    196 |      2 |   1 |  302.0 |
               +--------+--------+--------+--------+--------+-----+--------+

Top non-repeatable levels by time:
     D:5: 1996 daAuts
     D:7: 1880 daAuts
     D:8: 1872 daAuts
     D:2: 1588 daAuts
     D:1: 1549 daAuts
     D:4: 1524 daAuts
     D:6: 1082 daAuts
     D:9: 957 daAuts
     D:3: 921 daAuts
   Sewer: 784 daAuts
  Bailey: 302 daAuts
